 Dungeon Crawl Stone Soup version 0.23-a0-171-g5ae17c6 (webtiles) character file.

368 Gildeon the Archer (level 6, -1/48 HPs)
             Began as a Centaur Hunter on Sept 13, 2018.
             Killed by divine providence
             ... invoked by an orc priest
              (12 damage)
             ... on level 4 of the Dungeon.
             The game lasted 00:22:18 (4624 turns).

Gildeon the Archer (Centaur Hunter)                 Turns: 4624, Time: 00:22:19

Health: -1/48      AC:  6    Str: 15    XL:     6   Next: 41%
Magic:  6/6        EV:  9    Int: 10    God:
Gold:   123        SH:  0    Dex: 11    Spells: 4/5 levels left

rFire    . . .     SeeInvis .   a - +2 shortbow
rCold    . . .     Gourm    .   (shield currently unavailable)
rNeg     . . .     Faith    .   c - +0 leather armour
rPois    .         Spirit   .   l - +0 helmet
rElec    .         Reflect  .   e - +0 cloak
rCorr    .         Harm     .   (no gloves)
MR       .....                  (no barding)
Stlth    +.........             (no amulet)
HPRegen  0.16/turn              k - ring of wizardry
MPRegen  0.10/turn              (no ring)

@: very quick
A: large, hooves 3, deformed body, speed 2, tough skin 3
a: no special abilities


You were on level 4 of the Dungeon.
You were not hungry.

You visited 1 branch of the dungeon, and saw 4 of its levels.

You collected 123 gold pieces.

Inventory:

Hand Weapons
 a - a +2 shortbow (weapon)
 j - a +0 spear
 u - a +0 trident
Missiles
 d - 29 arrows (quivered)
Armour
 c - a +0 leather armour (worn)
 e - a +0 cloak (worn)
 l - a +0 helmet (worn)
Jewellery
 k - a ring of wizardry (left hand)
Wands
 s - a wand of scattershot (4)
Scrolls
 h - 3 scrolls of teleportation
 r - a scroll of enchant weapon
 v - a scroll of fear {unknown}
Potions
 b - 2 potions of mutation
 g - a potion of might
 m - a potion of curing
 n - a potion of cancellation {unknown}
 o - a potion of resistance {unknown}
 p - a potion of magic {unknown}
 q - 3 potions of flight {unknown}
 t - a potion of haste {unknown}
Comestibles
 f - 6 rations


   Skills:
 - Level 2.0 Fighting
 + Level 10.1 Bows
 - Level 1.3 Dodging
 - Level 0.4 Stealth


You had 4 spell levels left.
You knew the following spells:

 Your Spells              Type           Power        Failure   Level  Hunger
a - Magic Dart            Conj           #...         19%         1    ##.....

Your spell library contained the following spells:

 Spells                   Type           Power        Failure   Level  Hunger
 Blink                    Tloc           N/A          26%         2    ###....
 Call Imp                 Summ           #.......     26%         2    ###....
 Slow                     Hex            #.......     26%         2    ###....
 Conjure Flame            Conj/Fire      #.......     45%         3    ####...
 Mephitic Cloud           Conj/Pois/Air  #.......     45%         3    ####...


Dungeon Overview and Level Annotations

Branches:
Dungeon (4/15)
 Temple: D:4-7

Altars:
Cheibriados
Ru
Xom
Yredelemnul


Innate Abilities, Weirdness & Mutations

You have hooves in place of feet.
Armour fits poorly on your strangely shaped body.
You cover ground very quickly.
You have extremely tough skin. (AC +3)


Message History

Pain shoots through your body!
* * * LOW HITPOINT WARNING * * *
The orc wizard hits you with a dagger.
* * * LOW HITPOINT WARNING * * *
The orc priest calls down the wrath of Beogh upon you.
Pain shoots through your body!
* * * LOW HITPOINT WARNING * * *
The orc hits you but does no damage.
You feel much better.
You feel less confused. The orc priest hits you.
The orc wizard closely misses you.
The orc priest casts a cantrip, but nothing happens.
The orc hits you but does no damage.
The orc priest calls down the wrath of Beogh upon you.
Beogh smites you!
* * * LOW HITPOINT WARNING * * *
The orc wizard hits you but does no damage.
The orc priest calls down the wrath of Beogh upon you.
Beogh smites you!
You die...

...#.).....#.....................
...#.......#.(...................
...#.......#.....................
...#.......#.....................
...#.......#.....................
...#.......########..............
...#........#.....#......#+######
...#........#.....#......#.......
...#.......##..o@o#......#.......
...#.......##..oo.#...<..'.......
...#..........>...#...)..########
...#..............###'##.........
...#..................)#.........
...#...................#.........
[..#.......##.....##...#.........
...#.......##.....##...#.........
...##########..........#.........


You could see 2 orc priests, an orc wizard and an orc.

Vanquished Creatures
  A howler monkey (D:2)
  2 crimson imps (D:4)
  A hound (D:4)
  3 orc priests (D:4)
  An orc wizard (D:4)
  Robin (D:2)
  2 adders (D:3)
  An ooze (D:2)
  2 worms
  3 dart slugs
  3 leopard geckos
  6 orcs
  5 bats
  4 giant cockroaches
  13 goblins
  6 hobgoblins
  3 jackals (D:1)
  2 quokkas
  A ball python (D:2)
  2 frilled lizards
  4 kobolds
  4 rats
  A plant (D:3)
71 creatures vanquished.

Notes
Turn   | Place    | Note
-------+----------+-------------------------------------------
     0 | D:1      | Gildeon the Centaur Hunter began the quest for the Orb.
     0 | D:1      | Reached XP level 1. HP: 17/17 MP: 1/1
   315 | D:1      | Reached XP level 2. HP: 23/24 MP: 2/2
   354 | D:1      | Reached skill level 6 in Bows
  1096 | D:2      | Reached XP level 3. HP: 29/29 MP: 3/3
  1132 | D:2      | Found a sacrificial altar of Ru.
  1216 | D:2      | Reached skill level 7 in Bows
  1216 | D:2      | Reached XP level 4. HP: 17/36 MP: 4/4
  1466 | D:2      | Learned a level 1 spell: Magic Dart
  1663 | D:2      | Noticed Robin
  1672 | D:2      | Killed Robin
  1730 | D:2      | Reached skill level 8 in Bows
  2951 | D:3      | Reached XP level 5. HP: 38/41 MP: 5/5
  3660 | D:4      | Found a shimmering altar of Xom.
  3712 | D:4      | Reached skill level 9 in Bows
  4037 | D:4      | Found a basalt altar of Yredelemnul.
  4078 | D:4      | Reached XP level 6. HP: 19/48 MP: 6/6
  4330 | D:4      | Reached skill level 10 in Bows
  4403 | D:4      | Found a snail-covered altar of Cheibriados.
  4624 | D:4      | Killed from afar by an orc priest

Vault maps used:
D:1:      lightli_arrival_flooded_house
D:2:      old_standard_altar, uniq_robin
D:3:      wad_lake_hut, first_ration, minivault_27, minmay_misc_feat_rows
D:4:      lightli_temple_of_fire, overflow_temple_1_default,
          kennysheep_slug_shrine, lemuel_doored_altar, serial_shops,
          nicolae_shop_behind_doors, led_xom_imps

Skill      XL: |  1  2  3  4  5  6 |
---------------+-------------------+-----
Bows           | 6 7 8 9 10 | 10.1
Fighting       | |  2.0
Dodging        | |  1.3
Stealth        | |  0.4

Action                   |  1- 3 |  4- 6 || total
-------------------------+-------+-------++-------
Melee: Trident           |       |    28 ||    28
       Kick              |       |    16 ||    16
       Shortbow          |       |     2 ||     2
 Fire: Shortbow          |    71 |   180 ||   251
  Use: Scroll            |     2 |     5 ||     7
       Potion            |       |     1 ||     1
  Eat: Chunk             |       |     6 ||     6
       Ration            |       |     1 ||     1
Armor: Leather armour    |    17 |    26 ||    43
Dodge: Dodged            |    20 |    24 ||    44

Table legend:
 A = Non-vault XP
 B = Vault XP
 C = Vault XP percentage of total XP
 D = Non-vault monster count
 E = Vault monster count
 F = Vault count percentage of total count
                 A         B        C        D         E       F
            +---------+---------+-------+---------+---------+-------
      Total |     394 |     133 |  25.2 |      58 |      12 |  17.1
            +---------+---------+-------+---------+---------+-------
        D:1 |      35 |       0 |   0.0 |      20 |       0 |   0.0
        D:2 |      86 |      31 |  26.5 |      15 |       9 |  37.5
        D:3 |      47 |       0 |   0.0 |       9 |       0 |   0.0
        D:4 |     226 |     102 |  31.1 |      14 |       3 |  17.6
            +---------+---------+-------+---------+---------+-------
